 Dungeon Crawl Stone Soup version 0.24-b1 (webtiles) character file.

Game seed: 10852469834574162347, levelgen mode: deterministic

927 CryoSword the Slasher (level 7, 21/84 HPs)
             Began as a Demonspawn Fighter on Oct 13, 2019.
             Was an Initiate of Okawaru.
             Quit the game on level 4 of the Dungeon.
             The game lasted 00:13:33 (5536 turns).

CryoSword the Slasher (Demonspawn Fighter)          Turns: 5536, Time: 00:13:34

Health: 21/84      AC: 23    Str: 17    XL:     7   Next: 85%
Magic:  7/7        EV:  2    Int:  9    God:    Okawaru [......]
Gold:   25         SH:  0    Dex: 14    Spells: 6/6 levels left

rFire    . . .     SeeInvis .   a - +0 long sword
rCold    . . .     Gourm    .   (no shield)
rNeg     + + +     Faith    .   (armour currently unavailable)
rPois    +         Spirit   .   (helmet currently unavailable)
rElec    .         Reflect  .   (cloak currently unavailable)
rCorr    .         Harm     .   (gloves currently unavailable)
MR       .....     NoTele   +   (boots currently unavailable)
Stlth    +.........             (no amulet)
HPRegen  0.24/turn              (no ring)
MPRegen  0.10/turn              (no ring)

@: confused, lethally poisoned (21 -> -21), tree-form
A: no striking features
a: Renounce Religion


You were on level 4 of the Dungeon.
You worshipped Okawaru.
Okawaru was noncommittal.
You were not hungry.
You were a tree.
You visited 2 branches of the dungeon, and saw 6 of its levels.

You collected 197 gold pieces.
You spent 172 gold pieces at shops.

Inventory:

Hand Weapons
 a - a +0 long sword (weapon)
Missiles
 d - 7 curare-tipped darts (quivered) {!f}
 s - a throwing net {!f}
Armour
 b - a +0 scale mail (melded)
 c - a +0 shield
 h - a +0 cloak (melded)
   (You found it on level 1 of the Dungeon)
 k - a +0 large shield
   (You found it on level 2 of the Dungeon)
 t - a +0 pair of gloves of archery (melded)
   (You bought it in a shop on level 4 of the Dungeon)
Scrolls
 e - 4 scrolls of identify {@r1}
 i - a scroll of remove curse {unknown}
 j - 4 scrolls of teleportation {unknown}
 l - 2 scrolls of blinking {unknown}
 m - a scroll of random uselessness {unknown}
 r - 3 scrolls of enchant armour {unknown}
Potions
 o - 2 potions of brilliance
 p - a potion of flight
Comestibles
 f - 6 rations {!d}
 u - 3 chunks of flesh


   Skills:
 + Level 5.4 Fighting
 * Level 6.0 Long Blades
 - Level 2.6 Armour
 + Level 4.8 Shields


You had 6 spell levels left.
You didn't know any spells.
Your spell library was empty.

Dungeon Overview and Level Annotations

Branches:
Dungeon (5/15)             Temple (1/1) D:4

Altars:
Ashenzari
Cheibriados
Dithmenos
Elyvilon
Gozag
Hepliaklqana
Kikubaaqudgha
Makhleb
Nemelex Xobeh
Okawaru
Ru
Sif Muna
Trog
Uskayaw
Wu Jian
Xom
Yredelemnul
Zin
The Shining One

Shops:
D:4 [


Innate Abilities, Weirdness & Mutations

((You have sharp toenails.))
((You are mostly covered in icy blue scales. (AC +3)))


Message History

You feel very sick.
An orc wizard appears from thin air!
Reactivating autopickup.
The orc wizard points at you and mumbles some strange words.
The magic dart hits you.
* * * LOW HITPOINT WARNING * * *
You hit the orc wizard.
The orc wizard is heavily wounded.
* * * LOW HITPOINT WARNING * * *
You feel very sick.
The orc wizard points at you and mumbles some strange words.
You resist with some effort.
You barely miss the orc wizard.
The orc wizard is heavily wounded.
* * * LOW HITPOINT WARNING * * *
You feel very sick.
The orc wizard hits you but does no damage.
You are more poisoned.
There are no items here.
Press: ? - help, v - describe, . - travel
Here: an orc wizard, wielding a +0 dagger of venom and wearing a +0 robe (heavily wounded)
The floor.
You hit the orc wizard but do no damage.
The orc wizard is heavily wounded.
* * * LOW HITPOINT WARNING * * *
You feel very sick.
The orc wizard hits you but does no damage.
You are more poisoned.
You feel much better.
* * * LOW HITPOINT WARNING * * *
You feel very sick.
The orc wizard hits you with a +0 dagger of venom.
* * * LOW HITPOINT WARNING * * *
You hit the orc wizard.
The orc wizard is severely wounded.
* * * LOW HITPOINT WARNING * * *
You feel very sick.
The orc wizard gestures at you while chanting.
You are confused.
You cannot move. (Use ctrl+direction or * direction to attack without moving.)
You cannot move. (Use ctrl+direction or * direction to attack without moving.)
You cannot move. (Use ctrl+direction or * direction to attack without moving.)
You cannot move. (Use ctrl+direction or * direction to attack without moving.)
You cannot move. (Use ctrl+direction or * direction to attack without moving.)
You cannot move. (Use ctrl+direction or * direction to attack without moving.)
You cannot move. (Use ctrl+direction or * direction to attack without moving.)
You cannot move. (Use ctrl+direction or * direction to attack without moving.)
You cannot move. (Use ctrl+direction or * direction to attack without moving.)
You cannot move. (Use ctrl+direction or * direction to attack without moving.)
You cannot move. (Use ctrl+direction or * direction to attack without moving.)
You cannot move. (Use ctrl+direction or * direction to attack without moving.)
You cannot move. (Use ctrl+direction or * direction to attack without moving.)
You cannot move. (Use ctrl+direction or * direction to attack without moving.)
You cannot move. (Use ctrl+direction or * direction to attack without moving.)
You cannot move. (Use ctrl+direction or * direction to attack without moving.)
You cannot move. (Use ctrl+direction or * direction to attack without moving.)
You cannot move. (Use ctrl+direction or * direction to attack without moving.)
You cannot move. (Use ctrl+direction or * direction to attack without moving.)
You cannot move. (Use ctrl+direction or * direction to attack without moving.)
You cannot move. (Use ctrl+direction or * direction to attack without moving.)
You cannot move. (Use ctrl+direction or * direction to attack without moving.)
You cannot move. (Use ctrl+direction or * direction to attack without moving.)
You cannot move. (Use ctrl+direction or * direction to attack without moving.)
You cannot move. (Use ctrl+direction or * direction to attack without moving.)
You cannot move. (Use ctrl+direction or * direction to attack without moving.)
You cannot move. (Use ctrl+direction or * direction to attack without moving.)
You cannot move. (Use ctrl+direction or * direction to attack without moving.)
You cannot move. (Use ctrl+direction or * direction to attack without moving.)
You cannot move. (Use ctrl+direction or * direction to attack without moving.)
You cannot move. (Use ctrl+direction or * direction to attack without moving.)
You cannot move. (Use ctrl+direction or * direction to attack without moving.)
You cannot move. (Use ctrl+direction or * direction to attack without moving.)
You cannot move. (Use ctrl+direction or * direction to attack without moving.)
You cannot move. (Use ctrl+direction or * direction to attack without moving.)
You cannot move. (Use ctrl+direction or * direction to attack without moving.)
You cannot move. (Use ctrl+direction or * direction to attack without moving.)
You cannot move. (Use ctrl+direction or * direction to attack without moving.)
You cannot move. (Use ctrl+direction or * direction to attack without moving.)
You cannot move. (Use ctrl+direction or * direction to attack without moving.)
You cannot move. (Use ctrl+direction or * direction to attack without moving.)
You cannot move. (Use ctrl+direction or * direction to attack without moving.)
You cannot move. (Use ctrl+direction or * direction to attack without moving.)
You cannot move. (Use ctrl+direction or * direction to attack without moving.)
You cannot move. (Use ctrl+direction or * direction to attack without moving.)
You cannot move. (Use ctrl+direction or * direction to attack without moving.)
You cannot move. (Use ctrl+direction or * direction to attack without moving.)
You cannot move. (Use ctrl+direction or * direction to attack without moving.)
You cannot move. (Use ctrl+direction or * direction to attack without moving.)
You cannot move. (Use ctrl+direction or * direction to attack without moving.)
You cannot move. (Use ctrl+direction or * direction to attack without moving.)
You cannot move. (Use ctrl+direction or * direction to attack without moving.)
You cannot move. (Use ctrl+direction or * direction to attack without moving.)
You cannot move. (Use ctrl+direction or * direction to attack without moving.)
You cannot move. (Use ctrl+direction or * direction to attack without moving.)
You cannot move. (Use ctrl+direction or * direction to attack without moving.)
You cannot move. (Use ctrl+direction or * direction to attack without moving.)
You cannot move. (Use ctrl+direction or * direction to attack without moving.)
You cannot move. (Use ctrl+direction or * direction to attack without moving.)
You cannot move. (Use ctrl+direction or * direction to attack without moving.) Are you sure you want to abandon this character and quit the game? (Confirm with "yes".)

.##.....##
###..........###....#
.##.########[.....####..#
######
...............##.# #..#
.....####......##.# ##.#
.#####.......####.# #.#
## #.......# #.# #.#
#.......# #.# #.#
#.......####o# #.#
#.......##.♣># #.#
#.p.....##.### #.#
#.......#### ###
#.......# #########


You could see an orc wizard.

Vanquished Creatures
  Pikel (D:3)
  A scorpion (D:4)
  A howler monkey (D:4)
  A crimson imp (D:5)
  Terence (D:2)
  2 orc wizards
  2 worker ants (D:4)
  10 gnolls
  4 adders
  A shadow imp (D:5)
  An ooze (D:1)
  An adder skeleton (D:2)
  A worm (D:3)
  3 dart slugs
  6 leopard geckos
  14 orcs
  6 giant cockroaches
  10 goblins
  8 hobgoblins
  4 jackals
  7 kobolds
  2 ball pythons (D:2)
  6 bats
  5 frilled lizards
  A leopard gecko skeleton (D:4)
  9 rats
108 creatures vanquished.

Vanquished Creatures (others)
  2 gnolls (D:4)
  An orc (D:3)
3 creatures vanquished.

Grand Total: 111 creatures vanquished

Notes
Turn   | Place    | Note
-------+----------+-------------------------------------------
     0 | D:1      | CryoSword the Demonspawn Fighter began the quest for the
                  | Orb.
     0 | D:1      | Reached XP level 1. HP: 18/18 MP: 1/1
   152 | D:1      | Reached skill level 2 in Long Blades
   222 | D:1      | Gained mutation: You are partially covered in icy blue
                  | scales. (AC +2) [demonic ancestry]
   222 | D:1      | Reached XP level 2. HP: 24/24 MP: 2/2
   463 | D:1      | Gained mutation: You are mostly covered in icy blue scales.
                  | (AC +3) [demonic ancestry]
   463 | D:1      | Reached XP level 3. HP: 28/29 MP: 3/3
  1107 | D:2      | Found a shimmering altar of Xom.
  1108 | D:2      | Found an opulent altar of Gozag.
  1108 | D:2      | Found a glowing golden altar of the Shining One.
  1135 | D:2      | Found a sparkling altar of Nemelex Xobeh.
  1135 | D:2      | Found a shadowy altar of Dithmenos.
  1137 | D:2      | Found a shattered altar of Ashenzari.
  1232 | D:2      | Reached skill level 3 in Long Blades
  1234 | D:2      | Gained mutation: You have sharp toenails. [demonic
                  | ancestry]
  1234 | D:2      | Reached XP level 4. HP: 27/35 MP: 4/4
  2717 | D:2      | Found a sparkling altar of Nemelex Xobeh.
  2718 | D:2      | Found a shattered altar of Ashenzari.
  2719 | D:2      | Found an opulent altar of Gozag.
  2720 | D:2      | Found a shimmering altar of Xom.
  2720 | D:2      | Found a shadowy altar of Dithmenos.
  2720 | D:2      | Found a glowing golden altar of the Shining One.
  3039 | D:3      | Reached XP level 5. HP: 38/42 MP: 5/5
  3221 | D:3      | Noticed Terence
  3255 | D:2      | Killed Terence
  3395 | D:3      | Found a white marble altar of Elyvilon.
  4109 | D:3      | Reached skill level 4 in Long Blades
  4403 | D:4      | Reached XP level 6. HP: 48/48 MP: 6/6
  4523 | D:4      | Noticed Pikel
  4526 | D:4      | Noticed a slave
  4530 | D:4      | Noticed a slave
  4542 | D:3      | Killed Pikel
  4542 | D:3      | Reached skill level 5 in Fighting
  4542 | D:3      | Reached skill level 5 in Long Blades
  4542 | D:3      | Reached XP level 7. HP: 46/56 MP: 7/7
  4565 | D:4      | Found a staircase to the Ecumenical Temple.
  4574 | Temple   | Entered the Ecumenical Temple
  4581 | Temple   | Became a worshipper of Warmaster Okawaru
  4984 | D:4      | Found Pahaywees's Antique Armour Shoppe.
  5231 | D:4      | Bought a pair of runed gloves for 172 gold pieces
  5353 | D:4      | Found a shimmering blue altar of Sif Muna.
  5367 | D:5      | Entered Level 5 of the Dungeon
  5414 | D:5      | Reached skill level 6 in Long Blades
  5536 | D:4      | Quit the game

Skill      XL: |  1  2  3  4  5  6  7 |
---------------+----------------------+-----
Long Blades    | 2 3 4 5 6 |  6.0
Shields        | 3 4 |  4.8
Fighting       | 4 5 |  5.4
Armour         | |  2.6

Action                   |  1- 3 |  4- 6 |  7- 9 || total
-------------------------+-------+-------+-------++-------
Melee: Long sword        |   106 |   174 |    67 ||   347
       Kick              |       |    45 |    23 ||    68
  Use: Potion            |       |     1 |     5 ||     6
       Scroll            |       |       |     3 ||     3
  Eat: Chunk             |     1 |     7 |     4 ||    12
       Ration            |       |     1 |       ||     1
Armor: Scale mail        |    62 |   128 |    39 ||   229
       Skin              |       |       |    12 ||    12
Dodge: Dodged            |    60 |   109 |    26 ||   195
       Rpst.: Long sword |    18 |    25 |     8 ||    51
